 Dungeon Crawl Stone Soup version 0.32-a0-798-gfa783ce77f (webtiles) character file.

Game seed: 5835512669836006158

32664 Essalna the Fighter (level 13, -7/123 HPs)
             Began as a Red Draconian Earth Elementalist on Mar 21, 2024.
             Was an Elder of Vehumet.
             Mangled by a death yak (23 damage)
             ... on level 3 of the Lair of Beasts.
             The game lasted 00:31:33 (16024 turns).

Essalna the Fighter (DrEE)                         Turns: 16024, Time: 00:31:34

Health: -7/123     AC: 14    Str: 12    XL:     13   Next: 32%
Magic:  1/20       EV: 11    Int: 26    God:    Vehumet [****..]
Gold:   682        SH:  5    Dex: 11    Spells: 5/22 levels left

rFire   + . .        p - +2 dagger (venom)
rCold   + . .        (no shield)
rNeg    . . .        (body armour unavailable)
rPois   .            (helmet restricted)
rElec   .            a - +2 cloak
rCorr   .            E - +0 pair of gloves
SInv    .            f - +1 pair of boots
Will    .....        P - amulet of reflection
Stlth   ++           n - +6 ring of intelligence
HPRegen 0.40/turn    x - ring of protection from cold
MPRegen 0.17/turn

%: reflection
@: attractive
A: combustion breath, AC +8, unfitting armour, fire resistance 1, cold-blooded
a: Combustion Breath, Renounce Religion


You were on level 3 of the Lair of Beasts.
You worshipped Vehumet.
Vehumet was greatly pleased with you.
You visited 3 branches of the dungeon, and saw 15 of its levels.

You collected 976 gold pieces.
You spent 294 gold pieces at shops.

Inventory:

Hand Weapons
 p - a +2 dagger of venom (weapon)
Armour
 a - a +2 cloak (worn)
 f - a +1 pair of boots (worn)
 E - a +0 pair of gloves (worn)
 L - the +0 cloak of Conscience {Will- rCorr Str-2 SInv}
   (You bought it in a shop on level 10 of the Dungeon)

   Str-2:     It affects your strength (-2).
   Will-:     It decreases your willpower.
   SInv:      It lets you see invisible.
   rCorr:     It protects you from acid and corrosion.
Jewellery
 n - a +6 ring of intelligence (left hand)
 x - a ring of protection from cold (right hand)
 y - a ring of positive energy
 J - a ring of wizardry
 N - a ring of protection from cold
 P - an amulet of reflection (around neck)
 Q - a ring of protection from fire
Wands
 q - a wand of mindburst (23)
 v - a wand of flame (37)
 w - a wand of light (11)
 G - a wand of charming (10)
 H - a wand of polymorph (5)
Scrolls
 b - 2 scrolls of blinking {unknown}
 c - a scroll of teleportation
 e - 5 scrolls of enchant armour {unknown}
 g - 5 scrolls of identify
 i - 4 scrolls of noise {unknown}
 j - 3 scrolls of fog {unknown}
 k - 3 scrolls of enchant weapon {unknown}
 s - 2 scrolls of immolation {unknown}
 C - a scroll of acquirement {unknown}
 D - a scroll of vulnerability {unknown}
 F - 2 scrolls of poison {unknown}
 I - a scroll of fear {unknown}
 M - a scroll of torment {unknown}
 O - a scroll of silence {unknown}
Potions
 d - 2 potions of lignification {unknown}
 h - a potion of brilliance {unknown}
 l - 2 potions of degeneration {unknown}
 m - 4 potions of heal wounds
 o - a potion of mutation {unknown}
 r - 2 potions of enlightenment {unknown}
 t - 4 potions of might {unknown}
 u - a potion of berserk rage {unknown}
 z - 4 potions of curing
 A - a potion of ambrosia {unknown}
 B - 2 potions of attraction
 K - 2 potions of haste {unknown}


   Skills:
 + Level 13.8 Fighting
 - Level 1.7 Dodging
 - Level 1.7 Stealth
 - Level 5.0 Spellcasting
 + Level 12.1 Conjurations
 + Level 7.0 Fire Magic
 + Level 11.4 Air Magic
 - Level 7.1 Earth Magic


You had 5 spell levels left.
You knew the following spells:

 Your Spells              Type           Power      Damage    Failure   Level
a - Sandblast             Erth           86%        2d18      1%          1
b - Stone Arrow           Conj/Erth      100%       3d13      1%          3
c - Arcjolt               Conj/Air       30%        1d40      1%          5
d - Ignition              Fire           21%        3d8       99%         8

Your spell library contained the following spells:

 Spells                   Type           Power      Damage    Failure   Level
 Ignite Poison            Fire/Alch      24%        N/A       5%          4
 Foxfire                  Conj/Fire      100%       2x1d9     1%          1
 Dazzling Flash           Conj/Hex       74%        N/A       1%          3
 Inner Flame              Hex/Fire       24%        N/A       1%          3
 Mephitic Cloud           Conj/Alch/Air  47%        N/A       1%          3
 Passwall                 Erth           43%        N/A       1%          3
 Brom's Barrelling Bould  Conj/Erth      54%        2d7       1%          4
 Iskenderun's Mystic Bla  Conj/Tloc      37%        2d9       1%          4
 Cigotuvi's Dreadful Rot  Necr/Alch/Air  52%        N/A       2%          2
 Irradiate                Conj/Alch      18%        3d17      5%          5
 Summon Small Mammal      Summ           24%        N/A       8%          1
 Petrify                  Alch/Erth      25%        N/A       19%         4
 Summon Blazeheart Golem  Fire/Summ      24%        N/A       19%         4
 Silence                  Hex/Air        18%        N/A       21%         5
 Call Canine Familiar     Summ           6%         N/A       22%         3
 Tukima's Dance           Hex            6%         N/A       22%         3
 Yara's Violent Unravell  Hex/Alch       3%         3d4       45%         5
 Dimensional Bullseye     Hex/Tloc       3%         N/A       58%         4
 Dispel Undead            Necr           6%         3d8       58%         4
 Martyr's Knell           Necr/Summ      6%         N/A       58%         4
 Passage of Golubria      Tloc           6%         N/A       58%         4
 Curse of Agony           Necr           6%         N/A       91%         5
 Sculpt Simulacrum        Ice/Alch       3%         N/A       100%        6
 Ozocubu's Refrigeration  Ice            3%         4d8       100%        7
 Polar Vortex             Ice            3%         N/A       100%        9


Dungeon Overview and Level Annotations

Branches:
Dungeon (11/15)            Temple (1/1) D:4            Lair (3/5) D:11
 Shoals (0/4) Lair:3       Spider (0/4) Lair:2
    Orc: D:9-12

Altars:
Ashenzari
Cheibriados
Dithmenos
Elyvilon
Fedhas
Gozag
Hepliaklqana
Kikubaaqudgha
Makhleb
Nemelex Xobeh
Okawaru
Qazlal
Ru
Sif Muna
Trog
Uskayaw
Vehumet
Wu Jian
Xom
Yredelemnul
Zin
The Shining One

Shops:
D:7 *   D:10 *[!

Annotations:
Lair:2 2 transporters, voshxx's ghost, adept GnEE
Lair:3 exclusion: oklob plant


Innate Abilities, Weirdness & Mutations

You can breathe blasts of explosive embers.
Your fiery red scales are hard. (AC +8)
You cannot fit into any form of body armour.
Your flesh is heat resistant. (rF+)
You are cold-blooded and may be slowed by cold attacks.


Message History

The death yak is severely wounded.
The death yak gores you.
The death yak gores you but does no damage.
The death yak gores you.
Casting: Arcjolt (mildly dangerous; 1% risk of failure)
Confirm with . or Enter, or press ? or * to list all spells.
Okay, then.
Casting: Arcjolt (mildly dangerous; 1% risk of failure)
Confirm with . or Enter, or press ? or * to list all spells.
Okay, then.
Unknown command.
Aiming: Combustion Breath
Press: ? - help, Shift-Dir - straight line, f/p - death yak
Aim: a death yak (almost dead, poisoned, 95% to hit)
You breathe a blast of explosive embers.
The explosive embers hits the death yak.
The death yak is almost dead.
The embers explode!
The fiery explosion hits the death yak!
The death yak is almost dead.
The fiery explosion hits the death yak!
The death yak is severely wounded.
The fiery explosion hits the death yak!!
The death yak is almost dead.
The death yak gores you!!
* * * LOW HITPOINT WARNING * * *
The death yak gores you but does no damage.
The death yak gores you.
* * * LOW HITPOINT WARNING * * *
You kill the death yak!
Vehumet accepts your kill.
You feel your power returning.
Your Fire Magic skill increases to level 7!
Casting: Arcjolt (mildly dangerous; 1% risk of failure)
Confirm with . or Enter, or press ? or * to list all spells.
Electricity surges outward!
The death yak is struck by an electric surge!!
The death yak is almost dead.
The death yak is struck by an electric surge.
The death yak barely misses you. The death yak gores you!!
You die...

...............#........$..
#######..P.....##.#.......#
# #####....##..........
##.....#.........
#.....##........
##..............
#..............
#..............
#...@Y.........
##...Y.........
##............
#.#...........
##............
#.........?...
##............
##........$...
#.............


You could see 2 death yaks.

Vanquished Creatures
  2 hydras (Lair:3)
  2 centaur warriors (D:9)
  A tengu warrior (D:10)
  2 two-headed ogres
  2 death yaks (Lair:3)
  A pharaoh ant (Lair:2)
  An arcanist (D:9)
  A deep elf pyromancer (D:9)
  2 manticores (D:11)
  3 elephants (Lair:1)
  2 black mambas (Lair:3)
  11 cane toads
  4 rime drakes
  An efreet (D:9)
  3 kobold demonologists (D:11)
  9 komodo dragons
  5 trolls
  2 hornets
  3 polar bears
  Grinder (D:5)
  7 blink frogs
  Eustachio (D:4)
  22 yaks
  3 wraiths
  3 wyverns
  A redback (Lair:2)
  A basilisk (D:11)
  A steam dragon (D:9)
  6 water moccasins
  Duvessa (D:5)
  A sky beast (D:7)
  3 black bears
  7 orc warriors
  9 ice beasts
  An ogre (D:4)
  17 wolves
  9 centaurs
  A phantom (D:7)
  3 kobold brigands
  Blork the orc (D:5)
  14 bullfrogs
  2 gnoll sergeants (D:9)
  4 scorpions
  2 wights (D:9)
  Dowan (D:5)
  11 killer bees
  4 howler monkeys
  A bombardier beetle (D:5)
  3 jellies
  A hound (D:7)
  8 orc priests
  2 sleepcaps
  2 iguanas
  Ijyb (D:5)
  9 orc wizards
  4 gnolls
  9 adders
  4 ufetubi
  2 dart slugs
  33 orcs
  6 ball pythons
  6 bats
  9 endoplasms
  3 giant cockroaches
  6 goblins
  8 hobgoblins
  9 jackals
  5 quokkas
  3 frilled lizards (D:1)
  17 kobolds
  7 rats
352 creatures vanquished.

Vanquished Creatures (others)
  An arcanist (D:9)
1 creature vanquished.

Grand Total: 353 creatures vanquished

Notes
Turn   | Place    | Note
-------+----------+-------------------------------------------
     0 | D:1      | Essalna the Draconian Earth Elementalist began the quest
                  | for the Orb.
     0 | D:1      | Reached XP level 1. HP: 14/14 MP: 3/3
     5 | D:1      | Noticed an anaconda
   302 | D:1      | Reached XP level 2. HP: 20/20 MP: 0/5
   627 | D:1      | Reached XP level 3. HP: 26/26 MP: 4/6
   734 | D:1      | Noticed a death yak
   855 | D:1      | Found a faded altar of an unknown god.
   897 | D:1      | You fall into a shaft and drop 1 floor!
  1717 | D:1      | Reached XP level 4. HP: 33/33 MP: 6/8
  2780 | D:4      | Reached skill level 1 in Fighting
  2882 | D:4      | Reached XP level 5. HP: 40/40 MP: 6/9
  2886 | D:4      | Learned a level 3 spell: Stone Arrow
  2925 | D:4      | Found a staircase to the Ecumenical Temple.
  2927 | D:4      | Noticed Eustachio
  2947 | Temple   | Entered the Ecumenical Temple
  3060 | D:4      | Killed Eustachio
  3061 | D:4      | Reached skill level 2 in Fighting
  3061 | D:4      | Reached XP level 6. HP: 50/50 MP: 4/11
  3347 | D:4      | Reached skill level 3 in Fighting
  3415 | D:4      | Found a broken altar of Ashenzari.
  3447 | D:4      | Found a sacrificial altar of Ru.
  3850 | D:5      | Entered Level 5 of the Dungeon
  3850 | D:5      | Noticed Duvessa
  3850 | D:5      | Noticed Dowan
  3850 | D:5      | Noticed a water moccasin
  3850 | D:5      | Found a sparkling altar of Nemelex Xobeh.
  3857 | D:4      | Your scales start taking on a fiery red colour.
  3857 | D:4      | Reached XP level 7. HP: 49/57 MP: 9/13
  3857 | D:4      | Gained mutation: Your flesh is heat resistant. (rF+) [Red
                  | Draconian growth]
  3913 | D:5      | Noticed Grinder
  3918 | D:5      | Killed Grinder
  3919 | D:5      | Reached skill level 5 in Earth Magic
  3956 | D:5      | Killed Duvessa
  3957 | D:5      | Reached skill level 4 in Fighting
  3961 | D:5      | Killed Dowan
  4084 | D:5      | Found an iron altar of Okawaru.
  4099 | D:5      | Found a hazy altar of Hepliaklqana.
  4138 | D:5      | Noticed Blork the orc
  4143 | D:5      | Killed Blork the orc
  4144 | D:5      | Reached skill level 5 in Spellcasting
  4144 | D:5      | Reached XP level 8. HP: 64/67 MP: 9/15
  4431 | D:5      | Noticed Ijyb
  4434 | D:5      | Reached skill level 5 in Fighting
  4440 | D:5      | Killed Ijyb
  5079 | D:6      | Reached skill level 6 in Fighting
  5334 | D:6      | Got the Incunabulum of Outbursts and the Blizzard
  5513 | D:6      | Learned a level 5 spell: Arcjolt
  5626 | D:7      | Reached skill level 1 in Air Magic
  5675 | D:7      | Found an ornate altar of the Wu Jian Council.
  5750 | D:7      | Found Xyjuocwe's Assorted Antiques.
  5903 | D:7      | Reached XP level 9. HP: 78/78 MP: 11/16
  5951 | D:7      | Found a radiant altar of Vehumet.
  5958 | D:7      | Became a worshipper of Vehumet
  6062 | D:7      | Reached skill level 7 in Fighting
  6123 | D:7      | Reached skill level 5 in Conjurations
  6851 | D:8      | Reached skill level 8 in Fighting
  6920 | D:8      | Reached skill level 5 in Air Magic
  7305 | D:8      | Reached * piety under Vehumet
  7305 | D:8      | Offered knowledge of Shock by Vehumet.
  7514 | D:9      | Noticed a troll
  7520 | D:9      | Killed a troll
  7521 | D:9      | Reached XP level 10. HP: 90/90 MP: 4/17
  7745 | D:9      | Noticed a two-headed ogre
  7747 | D:9      | Reached skill level 9 in Fighting
  7747 | D:9      | Noticed a deep elf pyromancer
  7754 | D:9      | Killed a two-headed ogre
  7754 | D:9      | Killed a deep elf pyromancer
  7896 | D:9      | Noticed an arcanist
  7985 | D:9      | Killed an arcanist
  7986 | D:9      | Reached skill level 10 in Fighting
  8063 | D:9      | Noticed a centaur warrior
  8068 | D:9      | Noticed a centaur warrior
  8071 | D:9      | Killed a centaur warrior
  8082 | D:9      | Killed a centaur warrior
  8084 | D:9      | Reached XP level 11. HP: 44/101 MP: 1/18
  8488 | D:9      | Noticed an ice dragon
  8857 | D:9      | Offered knowledge of Kiss of Death by Vehumet.
  8975 | D:9      | Reached ** piety under Vehumet
  9349 | D:9      | Identified the +1 robe "Tyob" {rElec Int-3 Dex-5 Slay+6}
  9397 | D:9      | Found a bloodstained altar of Trog.
  9400 | D:9      | Noticed a wizard
  9405 | D:9      | Killed a wizard
  9586 | D:9      | Found a burning altar of Makhleb.
  9586 | D:9      | Found a blossoming altar of Fedhas.
 10082 | D:10     | Entered Level 10 of the Dungeon
 10102 | D:10     | Reached skill level 11 in Fighting
 10644 | D:10     | Noticed a tengu warrior
 10657 | D:10     | Killed a tengu warrior
 10688 | D:10     | Noticed a two-headed ogre
 10739 | D:10     | Killed a two-headed ogre
 10927 | D:10     | Found a snail-covered altar of Cheibriados.
 11121 | D:10     | Found Zain's Antique Armour Shop.
 11123 | D:10     | Found Gahaxzya's Distillery.
 11123 | D:10     | Found Koukh's Assorted Antiques.
 11129 | D:10     | Bought a bloodstained cloak for 294 gold pieces
 11129 | D:10     | Identified the +0 cloak of Conscience {Will- rCorr Str-2
                  | SInv} (You bought it in a shop on level 10 of the Dungeon)
 11425 | D:11     | Found a staircase to the Lair.
 11435 | D:11     | Offered knowledge of Frozen Ramparts by Vehumet.
 11443 | D:11     | Reached skill level 10 in Conjurations
 11827 | D:11     | Reached skill level 12 in Fighting
 12132 | D:11     | Reached *** piety under Vehumet
 12141 | D:11     | Noticed a soul eater
 12147 | D:11     | Reached XP level 12. HP: 60/112 MP: 3/19
 12151 | Lair:1   | Entered Level 1 of the Lair of Beasts
 12750 | Lair:1   | Learned a level 8 spell: Ignition
 12886 | Lair:1   | Reached skill level 1 in Fire Magic
 13069 | Lair:1   | Offered knowledge of Airstrike by Vehumet.
 13071 | Lair:1   | Reached skill level 10 in Air Magic
 14220 | Lair:2   | Found a hole to the Spider Nest.
 14227 | Lair:2   | Reached skill level 13 in Fighting
 14343 | Lair:2   | Noticed a catoblepas
 14343 | Lair:2   | Noticed voshxx's ghost (adept GnEE)
 14344 | Lair:2   | Found a transporter.
 14353 | Lair:2   | Found a transporter.
 14378 | Lair:2   | Reached **** piety under Vehumet
 14385 | Lair:2   | Offered knowledge of Ignite Poison by Vehumet.
 14401 | Lair:2   | Reached skill level 5 in Fire Magic
 15026 | Lair:3   | Noticed an eight-headed hydra
 15033 | Lair:3   | Found a staircase to the Shoals.
 15034 | Lair:3   | Reached XP level 13. HP: 16/122 MP: 8/20
 16024 | Lair:3   | Mangled by a death yak

Illustrated notes

Levels and vault maps discovered:
D:1:      sevenhm_arrival_forest_fort_small_2, layout_loops_ring,
          basic_ecumenical_altar, minmay_split_cup_small
D:2:      layout_basic
D:3:      minmay_evil_eye, layout_rooms
D:4:      layout_loops_ring, ashenzari_altar_1, mainiacjoe_overflow_brackets,
          minmay_temple_entry_wispy, uniq_eustachio
D:5:      layout_rooms, nemelex_xobeh_ov_fountains_minmay,
          mainiacjoe_overflow_swirl, uniq_blork_the_orc, uniq_ijyb,
          uniq_grinder, uniq_prince_ribbit1, uniq_duvessa
D:6:      layout_gridville
D:7:      layout_basic, mainiacjoe_overflow_alcove_2,
          mainiacjoe_overflow_cross_hatched, serial_shops, shop
D:8:      layout_basic
D:9:      nzn_winding_woodlands_small [nzn_winding_woodlands_5x15_parted,
          nzn_winding_woodlands_center_pierced_h,
          nzn_winding_woodlands_5x15_jagged], layout_loops_cross, trog_wizard,
          gammafunk_temple_overflow_elements, serial_co_window_serial,
          co_window_of_opportunity_a, co_window_paths_a, co_window_corner_a,
          co_window_paths_a, co_window_paths_b, co_window_paths_a,
          co_window_paths_a, co_window_of_opportunity_a,
          co_window_of_opportunity_a, co_window_2corner, co_window_corner_cb,
          co_window_paths_c, co_window_unsneaky_path_e, co_window_corner_cb,
          co_window_paths_d, glass_columns_b, glass_columns_a, glass_columns_c,
          glass_columns_b, glass_columns_c
D:10:     layout_basic, mainiacjoe_overflow_paths, nicolae_twisting_strands,
          nicolae_shop_distant_corner_stores
D:11:     minmay_weird_star, layout_basic, hellmonk_lair_entry_icy
Temple:   chequers_temple_sunken
Lair:1:   layout_cave_pods, nicolae_lair_lil_pond
Lair:2:   layout_hall_layers, nicolae_spider_entry_lesser_pyramids,
          gammafunk_ghost_arena, beast_lair_carwin_3
Lair:3:   layout_hall_layers, minmay_shoals_entry_centaurs, grunt_megastairs_5,
          lemuel_fruit_fields

Skill      XL: |  1  2  3  4  5  6  7  8  9 10 11 12 13 |
---------------+----------------------------------------+-----
Conjurations   | 2 3 4 6 8 10 11 12 | 12.1
Spellcasting   | 3 4 5 |  5.0
Fighting       | 1 2 3 4 6 8 10 12 13 | 13.8
Earth Magic    | 4 6 7 |  7.1
Air Magic      | 2 5 7 9 10 11 | 11.4
Fire Magic     | 5 7 |  7.0
Dodging        | |  1.7
Stealth        | |  1.7

Action                     |  1- 3 |  4- 6 |  7- 9 | 10-12 | 13-15 || total
---------------------------+-------+-------+-------+-------+-------++-------
  Melee: Unarmed           |    11 |    15 |       |       |       ||    26
         Tailslap          |     1 |     3 |       |    14 |     3 ||    21
         Dagger            |       |       |    17 |    52 |    17 ||    86
   Cast: Sandblast         |    51 |    86 |   108 |   213 |    35 ||   493
         Stone Arrow       |       |     5 |    19 |    29 |    14 ||    67
         Arcjolt           |       |       |       |    66 |    12 ||    78
Ability: Combustion Breath |       |       |     7 |    14 |     3 ||    24
  Evoke: Wand              |       |       |       |     9 |       ||     9
    Use: Potion            |       |     1 |       |     1 |     4 ||     6
         Scroll            |       |       |       |     5 |     1 ||     6
 Armour: Skin              |    21 |    65 |    55 |   306 |   106 ||   553
  Dodge: Dodged            |    21 |    76 |    45 |   189 |    66 ||   397
  Block: Other             |       |       |       |    16 |    20 ||    36

Table legend: (Time is in decaauts)
 A = Elapsed time spent in this place.
 B = Non-inter-level travel time spent in this place.
 C = Inter-level travel time spent in this place.
 D = Time resting spent in this place.
 E = Time spent auto-exploring this place.
 F = Levels seen in this place.
 G = Mean time per level.
                   A        B        C        D        E       F      G
               +--------+--------+--------+--------+--------+-----+--------+
         Total |  16282 |  15917 |    365 |    107 |  13623 |  15 | 1085.5 |
       Dungeon |  12240 |  11951 |    289 |      0 |  10318 |  11 | 1112.7 |
        Temple |    110 |    110 |      0 |    107 |      0 |   1 |  110.0 |
          Lair |   3932 |   3856 |     76 |      0 |   3304 |   3 | 1310.7 |
               +--------+--------+--------+--------+--------+-----+--------+

Top non-repeatable levels by time:
     D:9: 2621 daAuts
  Lair:1: 1812 daAuts
    D:10: 1305 daAuts
     D:8: 1247 daAuts
     D:1: 1145 daAuts
  Lair:2: 1097 daAuts
     D:4: 1055 daAuts
  Lair:3: 1022 daAuts
     D:2: 980 daAuts
     D:6: 840 daAuts
     D:5: 829 daAuts
    D:11: 799 daAuts
     D:7: 742 daAuts
     D:3: 671 daAuts
  Temple: 110 daAuts
